AoeStats
← bthi68153

Arena

510329021Analyzed
4v4 RM · 1d ago on Sep 30, 2026· 76m 56s· 8 players
Game mode
Random Map
Map size
Large (8 player)
Population
200
Speed
Normal
Resources
Standard
Victory
Conquest
Starting age
Dark Age
Ending age
Imperial Age
RankedLock teamsTeams togetherTeam positionsShared explorationLock speedFull tech treeHidden civsTurbo modeCheats
Victory
Defeat
🇻🇳 Mongols · Vietnam
1184
+15
🇬🇧 Varangians · United Kingdom
1145
+17
🇨🇳 Malay · China
1140
+17
🇨🇦 Persians · Canada
1112
+18
🇻🇳 Wei · Vietnam
1250
-19
🇻🇳 Burmese · Vietnam
1227
-19
🇻🇳 Koreans · Vietnam
1107
-15
🇹🇼 Wei · Taiwan
1083
-14
mark4u.24
10:49 Feudal Age
15:06 Castle Age
13:26 Double-Bit Axe
13:52 Horse Collar
15:55 Bow Saw
17:44 Loom
18:50 Bloodlines
19:11 Husbandry
21:18 Scale Barding Armor
28:21 Wheelbarrow
32:28 Imperial Age
30:15 Hand Cart
31:11 Chain Barding Armor
32:15 Cavalier
33:53 Light Cavalry
36:31 Chemistry
35:09 Savar
36:18 Masonry
36:36 Conscription
37:19 Gold Mining
39:23 Plate Barding Armor
39:00 Forging
40:38 Two-Man Saw
40:36 Hussar
41:42 Kamandaran
42:54 Heavy Plow
43:03 Fletching
43:49 Iron Casting
44:41 Bodkin Arrow
45:27 Hoardings
46:12 Blast Furnace
45:14 Padded Archer Armor
45:25 Thumb Ring
44:43 Crossbowman
48:12 Leather Archer Armor
49:42 Citadels
49:06 Pikeman
49:46 Squires
49:44 Halberdier
51:57 Architecture
51:48 Ballistics
52:54 Scale Mail Armor
53:25 Ring Archer Armor
55:01 Chain Mail Armor
57:39 Capped Ram
59:45 Plate Mail Armor
58:58 Siege Ram
69:58 Crop Rotation
laofengzi
7:09 Loom
10:33 Feudal Age
11:17 Feudal Age
14:26 Castle Age
12:18 Double-Bit Axe
15:25 Horse Collar
21:00 Wheelbarrow
22:32 Bow Saw
24:00 Heavy Plow
26:52 Imperial Age
24:21 Stone Mining
24:02 Man-at-Arms
25:34 Gold Mining
26:21 Stone Shaft Mining
25:39 Gold Mining
25:22 Long Swordsman
26:04 Squires
26:16 Forging
27:04 Gold Shaft Mining
27:59 Iron Casting
26:46 Two-Handed Swordsman
27:14 Arson
28:02 Treadmill Crane
29:08 Forced Levy
29:29 Conscription
31:10 Blast Furnace
30:17 Pikeman
31:51 Halberdier
34:54 Fletching
35:05 Padded Archer Armor
37:28 Bodkin Arrow
37:48 Leather Archer Armor
37:41 Elite Skirmisher
40:05 Bracer
46:19 Ring Archer Armor
53:34 Hand Cart
60:58 Crop Rotation
60:21 Town Watch
71:50 Chemistry
Cheesepuffs1897
10:20 Feudal Age
13:58 Castle Age
12:19 Double-Bit Axe
12:17 Horse Collar
15:12 Bow Saw
15:04 Heavy Plow
20:11 Wheelbarrow
22:10 Hand Cart
21:43 Loom
21:44 Town Watch
23:10 Gold Mining
23:33 Stone Mining
29:06 Imperial Age
27:08 Scale Barding Armor
27:14 Forging
27:15 Town Patrol
28:19 Stone Shaft Mining
27:57 Bloodlines
27:47 Husbandry
28:11 Chain Barding Armor
29:46 Iron Casting
30:12 Conscription
29:26 Elite Jarl
31:56 Two-Man Saw
32:54 Plate Barding Armor
33:21 Blast Furnace
33:12 Fletching
33:41 Siege Engineers
35:32 Ballistics
36:14 Chemistry
36:14 Treadmill Crane
37:37 Bodkin Arrow
40:26 Bracer
50:56 Light Cavalry
52:27 Hussar
53:40 Caravan
64:28 Scale Mail Armor
65:03 Pikeman
67:21 Squires
71:14 Crop Rotation
71:21 Cavalier
Baku1612
9:48 Feudal Age
10:46 Double-Bit Axe
13:50 Castle Age
12:11 Stone Mining
16:23 Loom
18:31 Gold Mining
21:12 Fletching
24:25 Padded Archer Armor
29:28 Wheelbarrow
30:01 Horse Collar
30:53 Bow Saw
31:02 Heavy Plow
31:47 Bodkin Arrow
35:23 Leather Archer Armor
35:31 Ballistics
35:19 Husbandry
35:30 Bloodlines
37:19 Gold Shaft Mining
41:52 Imperial Age
39:39 Hand Cart
42:13 Heavy Cavalry Archer
43:32 Parthian Tactics
43:08 Bracer
44:10 Chemistry
42:54 Capped Ram
45:17 Onager
48:30 Siege Onager
50:12 Siege Engineers
50:31 Drill
50:51 Conscription
55:37 Masonry
56:02 Nomads
59:36 Sappers
61:09 Hoardings
61:19 Siege Ram
66:22 Murder Holes
68:00 Thumb Ring
73:40 Elite Mangudai
75:38 Caravan
k00144
10:42 Feudal Age
15:08 Castle Age
12:59 Double-Bit Axe
13:11 Horse Collar
15:13 Gold Mining
16:13 Bow Saw
17:41 Wheelbarrow
19:19 Town Watch
19:24 Loom
19:49 Heavy Plow
21:07 Stone Mining
25:15 Hand Cart
29:19 Imperial Age
26:46 Fletching
27:55 Ballistics
27:35 Bodkin Arrow
27:42 Padded Archer Armor
28:54 Thumb Ring
29:11 Leather Archer Armor
29:00 Husbandry
29:11 Bloodlines
30:01 Bracer
31:14 Chemistry
31:39 Parthian Tactics
31:55 Conscription
32:46 Ring Archer Armor
32:08 Treadmill Crane
33:06 Ming Guang Armor
33:27 Crop Rotation
34:27 Tuntian
39:17 Hoardings
39:41 Masonry
39:06 Capped Ram
40:42 Caravan
42:55 Gold Shaft Mining
43:08 Siege Ram
44:36 Scale Barding Armor
44:48 Light Cavalry
46:53 Hussar
50:55 Stone Shaft Mining
52:05 Chain Barding Armor
51:56 Forging
57:33 Iron Casting
61:00 Blast Furnace
75:59 Murder Holes
Arch1tect
12:13 Feudal Age
16:20 Castle Age
14:15 Horse Collar
14:36 Gold Mining
21:12 Imperial Age
22:52 Loom
64:23 Wheelbarrow
lequochuypy96
11:33 Feudal Age
15:24 Castle Age
13:07 Horse Collar
13:22 Gold Mining
14:46 Wheelbarrow
17:38 Hand Cart
20:44 Heavy Plow
25:13 Gold Shaft Mining
24:31 Stone Mining
27:19 Loom
28:05 Scale Barding Armor
28:10 Forging
31:05 Imperial Age
29:26 Fortified Wall
29:26 Masonry
28:59 Treadmill Crane
29:30 Masonry
29:11 Guard Tower
29:32 Fortified Wall
29:45 Chain Barding Armor
29:28 Husbandry
29:38 Bloodlines
31:19 Iron Casting
32:23 Plate Barding Armor
31:43 Elite Battle Elephant
32:32 Fletching
33:53 Chemistry
34:36 Blast Furnace
34:29 Conscription
35:44 Fletching
37:05 Howdah
37:26 Conscription
39:29 Light Cavalry
42:05 Hussar
42:43 Bodkin Arrow
49:56 Bracer
51:16 Pikeman
51:56 Squires
51:41 Arson
54:32 Padded Archer Armor
56:53 Architecture
57:20 Scale Mail Armor
56:42 Halberdier
60:31 Chain Mail Armor
64:44 Man-at-Arms
65:09 Gambesons
66:08 Plate Mail Armor
65:59 Long Swordsman
67:04 Two-Handed Swordsman
67:51 Champion
72:44 Elite Skirmisher
bthi68153
2:54 Loom
10:44 Feudal Age
16:43 Castle Age
15:06 Double-Bit Axe
15:04 Horse Collar
15:44 Gold Mining
18:00 Forging
21:44 Elite Skirmisher
23:53 Pikeman
25:49 Crossbowman
36:28 Imperial Age
35:10 Fletching
36:03 Wheelbarrow
35:20 Stone Mining
37:31 Halberdier
38:12 Squires
38:26 Scale Mail Armor
39:28 Bodkin Arrow
40:00 Arbalester
40:42 Bracer
43:00 Chain Mail Armor
51:14 Plate Mail Armor
53:19 Light Cavalry
Connection lost

Rejoining the realm…

Still unreachable

The connection could not be restored.

Session expired

The server has moved on; the page needs a fresh start.